AoeStats
← OmarGutieG

Arabia

506914659Analyzed
2v2 RM · 16d ago on Sep 15, 2026· 61m 4s· 4 players
Game mode
Random Map
Map size
Medium (4 player)
Population
200
Speed
Normal
Resources
Standard
Victory
Conquest
Starting age
Dark Age
Ending age
Imperial Age
RankedLock teamsTeams togetherTeam positionsShared explorationLock speedFull tech treeHidden civsTurbo modeCheats
Victory
Defeat
🇲🇽 Magyars · Mexico
1291
+19
🇲🇽 Ethiopians · Mexico
1284
+19
🇫🇷 Georgians · France
1365
-19
🇫🇷 Ethiopians · France
1349
-19
armigame1
6:20 Loom
9:13 Feudal Age
22:16 Castle Age
21:31 Gold Mining
22:32 Bloodlines
23:25 Double-Bit Axe
25:01 Husbandry
25:56 Scale Barding Armor
29:40 Chain Barding Armor
37:46 Wheelbarrow
43:58 Hand Cart
43:30 Light Cavalry
45:05 Gold Shaft Mining
44:18 Horse Collar
47:38 Imperial Age
47:33 Ballistics
47:50 Cavalier
49:08 Plate Barding Armor
48:04 Hussar
52:59 Paladin
OmarGutieG
6:57 Loom
9:10 Feudal Age
15:36 Fletching
21:59 Padded Archer Armor
22:24 Double-Bit Axe
25:02 Castle Age
25:16 Crossbowman
26:08 Thumb Ring
26:03 Bodkin Arrow
26:56 Leather Archer Armor
28:14 Bow Saw
30:13 Wheelbarrow
30:11 Ballistics
30:19 Gold Mining
34:06 Hand Cart
33:55 Town Watch
34:49 Horse Collar
42:07 Imperial Age
42:24 Town Patrol
44:30 Chemistry
42:52 Arbalester
43:36 Bracer
44:07 Ring Archer Armor
44:45 Conscription
47:16 Stone Mining
48:01 Gold Shaft Mining
48:06 Heavy Plow
49:09 Two-Man Saw
Clement9083
5:49 Loom
9:03 Feudal Age
10:18 Double-Bit Axe
15:40 Horse Collar
28:53 Castle Age
28:20 Scale Barding Armor
28:37 Fletching
29:35 Bloodlines
29:54 Husbandry
29:30 Light Cavalry
31:13 Bow Saw
32:04 Forging
36:59 Iron Casting
37:22 Bodkin Arrow
53:44 Imperial Age
52:39 Chain Barding Armor
54:02 Wheelbarrow
55:48 Plate Barding Armor
56:35 Hand Cart
60:52 Hoardings
jo8313
8:33 Feudal Age
8:59 Double-Bit Axe
9:16 Loom
14:25 Fletching
16:00 Padded Archer Armor
17:28 Horse Collar
18:54 Town Watch
23:40 Castle Age
22:16 Gold Mining
23:47 Crossbowman
24:27 Bodkin Arrow
25:52 Ballistics
26:25 Leather Archer Armor
30:32 Bow Saw
33:47 Wheelbarrow
33:31 Heavy Plow
38:40 Gold Shaft Mining
41:10 Hand Cart
44:38 Imperial Age
44:48 Arbalester
45:41 Thumb Ring
46:02 Bracer
46:37 Ring Archer Armor
46:38 Stone Mining
48:25 Stone Shaft Mining
48:30 Conscription
49:13 Chemistry
48:24 Masonry
48:20 Siege Engineers
52:06 Elite Skirmisher
53:28 Architecture
Connection lost

Rejoining the realm…

Still unreachable

The connection could not be restored.

Session expired

The server has moved on; the page needs a fresh start.